 Dungeon Crawl Stone Soup version 0.30.1-4-g462c640d31 (webtiles) character file.

Game seed: 4272118636424231543

23195 Wiggles the Severer (level 12, -15/168 HPs)
             Began as a Minotaur Berserker on Aug 22, 2023.
             Was the Champion of Trog.
             Demolished by Rupert
             ... wielding a +5 vampiric battleaxe
              (28 damage)
             ... on level 3 of the Lair of Beasts.
             The game lasted 00:21:45 (11435 turns).

Wiggles the Severer (Minotaur Berserker)           Turns: 11435, Time: 00:21:46

Health: -15/168    AC: 45    Str: 26    XL:     12   Next: 69%
Magic:  3/3        EV:  7    Int:  1    God:    Trog [******]
Gold:   1049       SH:  0    Dex: 18    Spells: 11/11 levels left

rFire   . . .        J - +7 executioner's axe (antimagic)
rCold   + . .        (shield currently unavailable)
rNeg    . . .        n - +14 crystal plate armour of the Desert {*Slow Will+++ Regen+ Int-3}
rPois   .            (helmet restricted)
rElec   .            q - +0 cloak
rCorr   .            v - +2 pair of gloves of Raux {*Slow Dex+7 Stlth+}
SInv    .            w - +2 pair of boots
Will    +++..        e - amulet of faith Stlth
                     C - ring of protection from cold
HPRegen 1.28/turn    (no ring)
MPRegen 0.08/turn

%: slow self (2%), faith
@: berserking, slowed, studying Armour
A: horns 2, retaliatory headbutt
a: Renounce Religion, Berserk, Trog's Hand, Brothers in Arms


You were on level 3 of the Lair of Beasts.
You worshipped Trog.
Trog was exalted by your worship.
You visited 2 branches of the dungeon, and saw 14 of its levels.
You also visited: Ossuary.

You collected 1049 gold pieces.

Inventory:

Hand Weapons
 J - a +7 antimagic executioner's axe (weapon)
Armour
 m - a +1 pair of gloves
 n - the +14 crystal plate armour of the Desert (worn) {*Slow Will+++ Regen+ Int-3}
   (You acquired it on level 7 of the Dungeon)

   Int:       It affects your intelligence (-3).
   Regen:     It increases your rate of health regeneration.
   *Slow:     It may slow you when you take damage.
   Will:      It greatly increases your willpower.
 q - a +0 cloak (worn)
 v - the +2 pair of gloves of Raux (worn) {*Slow Dex+7 Stlth+}
   (You found it on level 9 of the Dungeon)

   Dex:       It affects your dexterity (+7).
   *Slow:     It may slow you when you take damage.
   Stlth:     It makes you more stealthy.
 w - a +2 pair of boots (worn)
 y - a +0 plate armour
Jewellery
 e - an amulet of faith (around neck)
 l - an amulet of the acrobat
 C - a ring of protection from cold (left hand)
Wands
 d - a wand of flame (8)
 r - a wand of mindburst (19)
 D - a wand of iceblast (11)
 E - a wand of polymorph (10)
 G - a wand of charming (5)
 I - a wand of digging (6)
Scrolls
 a - a scroll of immolation
 b - a scroll of fear
 k - 3 scrolls of teleportation
 p - a scroll of magic mapping
 t - 4 scrolls of identify
 x - 4 scrolls of butterflies
 K - a scroll of blinking
Potions
 c - 3 potions of lignification
 f - 9 potions of curing
 g - 2 potions of ambrosia
 h - 3 potions of resistance
 i - a potion of berserk rage {unknown}
 j - 2 potions of magic
 o - 4 potions of attraction
 s - 2 potions of heal wounds
 u - a potion of flight {unknown}
 z - 2 potions of brilliance {unknown}
 A - 5 potions of cancellation
 B - 5 potions of might
 F - a potion of mutation {unknown}
 H - a potion of haste {unknown}


   Skills:
 + Level 12.0 Fighting
 + Level 19.4 Axes
 + Level 14.2 Armour
 + Level 3.8 Dodging
 + Level 1.8 Stealth


You had 11 spell levels left.
You didn't know any spells.
Your spell library was empty.

Dungeon Overview and Level Annotations

Branches:
Dungeon (11/15)            Temple (0/1) D:4            Lair (3/5) D:10
 Shoals (0/4) Lair:2        Snake (0/4) Lair:2          Orc (0/2) D:11
Ossuary (visited)

Altars:
Ashenzari
Cheibriados
Dithmenos
Fedhas
Gozag
Sif Muna
Wu Jian
The Shining One

Shops:
D:4 :

Annotations:
Lair:3 Rupert


Innate Abilities, Weirdness & Mutations

You have a pair of horns on your head.
You reflexively headbutt those who attack you in melee.


Message History

Trog accepts your kill.
No target in view!
No target in view!
Rupert the Wild comes into view.
He is wielding a +5 vampiric battleaxe and wearing a +2 chain mail of poison resistance.
Rupert shouts!
You see here a water moccasin corpse.
Rupert roars madly and goes into a rage!
Rupert goes berserk!
You barely miss Rupert.
Rupert hits you with a +5 vampiric battleaxe!!
Rupert hits you with a +5 vampiric battleaxe!
Rupert rages.
Rupert hits you with a +5 vampiric battleaxe.
Rupert hits you with a +5 vampiric battleaxe!
Rupert hits you with a +5 vampiric battleaxe!
A red film seems to cover your vision as you go berserk!
You feel yourself moving faster!
You feel mighty!
Rupert hits you with a +5 vampiric battleaxe.
Rupert hits you with a +5 vampiric battleaxe!
You slice Rupert!! Your headbutt misses Rupert.
Rupert is lightly wounded.
Rupert hits you with a +5 vampiric battleaxe!!
* * * LOW HITPOINT WARNING * * *
Rupert draws strength from your wounds!
You barely miss Rupert.
Rupert is lightly wounded.
Rupert hits you with a +5 vampiric battleaxe!
* * * LOW HITPOINT WARNING * * *
You feel yourself slow down. Rupert draws strength from your wounds!
You slash Rupert!
Rupert is lightly wounded.
Rupert hits you with a +5 vampiric battleaxe.
* * * LOW HITPOINT WARNING * * *
You cut Rupert into ribbons!!! You headbutt Rupert.
Rupert is heavily wounded.
Rupert hits you but does no damage. x2
You hit Rupert. You headbutt Rupert!
Rupert is heavily wounded.
Rupert hits you with a +5 vampiric battleaxe!!
You die...

##..## # #####....# # ##
#.##.....# #
##.####..#....##
#.#............#
#...#P.#.....##
###†.####.#....###
.##P##..@## ##......P##
........@.# #........##
####.#......#..........#.
##...##........##.....
##.## #P.....#####... #.
#.#P.# ##.# #. #### ###
##


You could see Rupert (berserk).

Vanquished Creatures
  A hydra (Lair:1)
  An ogre mage (D:10)
  3 boulder beetles
  A two-headed ogre (D:10)
  A salamander (Lair:2)
  A cyclops (D:9)
  An ugly thing (D:11)
  Maurice (D:9)
  An elephant (Lair:3)
  2 black mambas
  5 cane toads
  A rime drake (Lair:2)
  A kobold demonologist (D:10)
  An unseen horror (D:11)
  4 komodo dragons
  Psyche (D:10)
  2 trolls
  A hornet (D:10)
  7 blink frogs
  A shadow (D:11)
  2 wyverns (D:10)
  4 wraiths
  16 yaks
  2 basilisks
  Eustachio (D:4)
  3 vampire mosquitoes (D:11)
  2 acid dragons
  12 water moccasins
  2 ice beasts
  13 orc warriors
  A black bear (Lair:3)
  4 ogres
  8 wolves
  A phantom (D:7)
  15 centaurs
  A kobold brigand (D:10)
  5 bullfrogs
  A gnoll sergeant (D:10)
  A scorpion (Lair:1)
  4 wights (D:9)
  5 killer bees (D:7)
  4 howler monkeys
  4 centaur zombies (Ossuary)
  3 lava snakes (Lair:2)
  3 jellies
  A gnoll bouda (D:7)
  9 orc priests
  Crazy Yiuf (D:3)
  2 hounds
  A sleepcap (D:5)
  Ijyb (D:4)
  Terence (D:3)
  An iguana (D:5)
  8 orc wizards
  An ogre zombie (Ossuary)
  7 mummies (Ossuary)
  9 gnolls
  8 adders
  A white imp (D:6)
  3 ufetubi
  2 adder zombies (Ossuary)
  A worm (D:2)
  5 dart slugs
  62 orcs
  8 endoplasms
  5 giant cockroaches
  2 gnoll zombies (Ossuary)
  7 goblins
  5 hobgoblins
  9 kobolds
  3 quokkas
  4 ball pythons
  3 bats
  6 frilled lizards
  2 goblin zombies (Ossuary)
  7 hobgoblin zombies (Ossuary)
  3 kobold zombies (Ossuary)
  5 quokka zombies (Ossuary)
  6 rats
  4 rat zombies (Ossuary)
357 creatures vanquished.

Vanquished Creatures (others)
  A jelly (D:6)
  An iguana (D:6)
2 creatures vanquished.

Grand Total: 359 creatures vanquished

Notes
Turn   | Place    | Note
-------+----------+-------------------------------------------
     0 | D:1      | Wiggles the Minotaur Berserker began the quest for the Orb.
     0 | D:1      | Reached XP level 1. HP: 19/19 MP: 0/0
    71 | D:1      | Reached skill level 4 in Axes
    71 | D:1      | Reached XP level 2. HP: 12/27 MP: 1/1
   137 | D:1      | Found a faded altar of an unknown god.
   456 | D:1      | Reached XP level 3. HP: 33/33 MP: 2/2
   609 | D:1      | Reached ** piety under Trog
  1304 | D:3      | Reached XP level 4. HP: 41/41 MP: 3/3
  1305 | D:3      | Found a shadowy altar of Dithmenos.
  1324 | D:3      | Noticed Terence
  1329 | D:3      | Killed Terence
  1330 | D:3      | Reached skill level 5 in Axes
  1396 | D:3      | Noticed an ice beast
  1406 | D:3      | Killed an ice beast
  1407 | D:3      | Reached XP level 5. HP: 47/47 MP: 4/4
  1605 | D:3      | Found a glowing golden altar of the Shining One.
  2132 | D:3      | Found a runed translucent door.
  2133 | D:3      | Noticed Crazy Yiuf
  2144 | D:3      | Killed Crazy Yiuf
  2145 | D:3      | Reached skill level 6 in Axes
  2310 | D:4      | Noticed Ijyb
  2322 | D:4      | Killed Ijyb
  2323 | D:4      | Reached skill level 1 in Stealth
  2420 | D:4      | Reached XP level 6. HP: 55/55 MP: 5/5
  2467 | D:4      | Found a staircase to the Ecumenical Temple.
  2474 | D:4      | Reached skill level 5 in Fighting
  2539 | D:4      | Noticed Eustachio
  2562 | D:4      | Killed Eustachio
  2563 | D:4      | Reached skill level 7 in Axes
  2914 | D:4      | Found Ruewamufel's Book Boutique.
  2972 | D:4      | Found a snail-covered altar of Cheibriados.
  2972 | D:4      | Found a blossoming altar of Fedhas.
  3175 | D:5      | Entered Level 5 of the Dungeon
  3315 | D:5      | Reached XP level 7. HP: 54/61 MP: 6/6
  3320 | D:5      | Reached *** piety under Trog
  4106 | D:6      | Reached skill level 5 in Armour
  4124 | D:6      | Reached skill level 8 in Axes
  4277 | D:6      | Found a shimmering blue altar of Sif Muna.
  4538 | D:6      | Reached XP level 8. HP: 52/69 MP: 7/7
  4745 | D:6      | Reached skill level 9 in Axes
  5262 | D:7      | Found an ornate altar of the Wu Jian Council.
  5276 | D:7      | Reached **** piety under Trog
  5281 | D:7      | Reached skill level 10 in Axes
  5634 | D:7      | Identified 2 scrolls of acquirement
  5634 | D:7      | Acquired a manual of Armour
  5636 | D:7      | Acquired the +14 crystal plate armour of the Desert {*Slow
                  | Will+++ Regen+ Int-3}
  5672 | D:8      | Found a sand-covered staircase.
  5725 | Ossuary  | Entered an ossuary
  5954 | Ossuary  | Reached XP level 9. HP: 75/78 MP: 8/8
  5959 | Ossuary  | Reached ***** piety under Trog
  6358 | D:8      | Reached skill level 11 in Axes
  6465 | D:8      | Identified the +5 spear "Demon's Doom" {freeze, rElec rF++
                  | MP+9 Stlth+}
  6926 | D:9      | Noticed a cyclops
  6932 | D:9      | Killed a cyclops
  6933 | D:9      | Reached skill level 12 in Axes
  6952 | D:9      | Identified the +2 pair of gloves of Raux {*Slow Dex+7
                  | Stlth+}
  7199 | D:9      | Noticed a troll
  7208 | D:9      | Killed a troll
  7306 | D:9      | Noticed Maurice
  7335 | D:9      | Killed Maurice
  7336 | D:9      | Reached skill level 13 in Axes
  7336 | D:9      | Reached XP level 10. HP: 88/88 MP: 9/9
  7342 | D:9      | Found a broken altar of Ashenzari.
  7482 | D:9      | Received a gift from Trog
  7744 | D:10     | Entered Level 10 of the Dungeon
  7779 | D:10     | Reached skill level 10 in Armour
  7927 | D:10     | Reached skill level 14 in Axes
  7943 | D:10     | Found an opulent altar of Gozag.
  8004 | D:10     | Noticed Psyche
  8010 | D:10     | Killed Psyche
  8052 | D:10     | Noticed a two-headed ogre
  8058 | D:10     | Killed a two-headed ogre
  8059 | D:10     | Reached skill level 15 in Axes
  8065 | D:10     | Noticed an ogre mage
  8075 | D:10     | Killed an ogre mage
  8076 | D:10     | Reached XP level 11. HP: 97/97 MP: 10/10
  8273 | D:10     | Found a staircase to the Lair.
  8549 | D:11     | Found a staircase to the Orcish Mines.
  8700 | D:11     | Received a gift from Trog
  8810 | D:11     | Reached skill level 16 in Axes
  8827 | D:11     | Reached skill level 10 in Fighting
  9032 | D:11     | Noticed a red ugly thing
  9038 | D:11     | Killed a red ugly thing
  9143 | D:11     | Noticed a boulder beetle
  9170 | D:11     | Killed a boulder beetle
  9437 | Lair:1   | Entered Level 1 of the Lair of Beasts
  9456 | Lair:1   | Noticed a boulder beetle
  9474 | Lair:1   | Killed a boulder beetle
  9512 | Lair:1   | Received a gift from Trog
  9513 | Lair:1   | Reached skill level 17 in Axes
  9645 | Lair:1   | Reached XP level 12. HP: 78/110 MP: 3/11
  9693 | Lair:1   | Reached skill level 18 in Axes
  9977 | Lair:1   | Noticed a boulder beetle
  9978 | Lair:1   | Noticed a four-headed hydra
  9982 | Lair:1   | Killed a six-headed hydra
  9992 | Lair:1   | Killed a boulder beetle
 10643 | Lair:2   | Found a staircase to the Snake Pit.
 10674 | Lair:2   | Reached ****** piety under Trog
 10781 | Lair:2   | Found a staircase to the Shoals.
 10979 | Lair:2   | Received a gift from Trog
 10980 | Lair:2   | Reached skill level 19 in Axes
 11424 | Lair:3   | Noticed Rupert
 11435 | Lair:3   | Demolished by Rupert

Illustrated notes

Levels and vault maps discovered:
D:1:      saegor_arrival_under_anarchy, layout_loops_corners,
          hellmonk_ecumenical_altar_slurped_away
D:2:      layout_rooms
D:3:      layout_loops_ring, lemuel_crystal_altar,
          nicolae_overflow_crystal_walls, uniq_terence, uniq_crazy_yiuf_cottage
D:4:      layout_basic, gammafunk_temple_overflow_elements,
          minmay_temple_entry_proselytizer, nrook_loot_triangle,
          nicolae_stop_n_shop_2, dk_noncrumbling_4, hangedman_decor_opposing,
          uniq_ijyb, uniq_eustachio
D:5:      layout_basic
D:6:      wad_crossroads, layout_basic, nicolae_sif_muna_little_library,
          minmay_misc_feat_tiny, lemuel_flamethrower_2
D:7:      layout_rooms, mainiacjoe_overflow_concentric_impassable
D:8:      layout_cave_pods, nicolae_ossuary_entry_monument
D:9:      layout_roguey, ashenzari_conservatory_becter, special_room
          [special_room_orc], corexii_corridor_pit, uniq_maurice
D:10:     minmay_ornate_pinched, layout_irregular_city, lemuel_doored_altar,
          david_lair_shrubbed, uniq_psyche
D:11:     layout_loops_ring, orc_david_3, special_room [special_room_orc]
Lair:1:   layout_loops_ring, nzn_sisyphean_effort
Lair:2:   layout_loops_ring, minmay_shoals_entry_centaurs,
          nicolae_snake_entry_warm_welcome
Lair:3:   layout_layer_cave, guppyfry_lair_drakes, infiniplex_staircase_pool_2,
          uniq_rupert

Skill      XL: |  1  2  3  4  5  6  7  8  9 10 11 12 |
---------------+-------------------------------------+-----
Fighting       | 4 5 6 8 9 11 12 | 12.0
Axes           | 4 5 6 7 8 10 13 15 17 19 | 19.4
Armour         | 3 4 5 7 9 10 12 14 | 14.2
Dodging        | 3 |  3.8
Stealth        | 1 |  1.8

Action                     |  1- 3 |  4- 6 |  7- 9 | 10-12 || total
---------------------------+-------+-------+-------+-------++-------
  Melee: Hand axe          |    14 |       |       |       ||    14
         Headbutt          |     8 |    15 |    51 |    85 ||   159
         War axe           |    47 |    87 |   305 |     8 ||   447
         Punch             |       |     2 |     2 |     1 ||     5
         Battleaxe         |       |       |       |   136 ||   136
         Executioner's axe |       |       |       |   247 ||   247
 Invoke: Berserk           |       |     4 |     4 |     6 ||    14
  Evoke: Wand              |       |       |       |     1 ||     1
    Use: Scroll            |       |       |    23 |     6 ||    29
   Stab: Sleeping          |     1 |       |       |       ||     1
 Armour: Animal skin       |     9 |       |       |       ||     9
         Ring mail         |     2 |     3 |       |       ||     5
         Chain mail        |       |    47 |    59 |       ||   106
         Crystal plate arm |       |       |   197 |   402 ||   599
         Plate armour      |       |       |    39 |       ||    39
  Dodge: Dodged            |    41 |    41 |   125 |   137 ||   344
